 Dungeon Sprint DCSS version 0.21-a0-460-g737a915 (webtiles) character file.

1435 Kidiri the Fighter (level 8, -1/77 HPs)
             Began as a Pale Draconian Transmuter on Nov 20, 2017.
             Was a High Priest of Sif Muna.
             Slain by a komodo dragon (25 damage)
             ... in the Dungeon (Sprint VII: "The Pits").
             The game lasted 00:06:10 (1662 turns).

Kidiri the Fighter (Pale Draconian Transmuter)      Turns: 1662, Time: 00:06:11

Health: -1/77      AC:  9    Str: 16    XL:     8   Next: 45%
Magic:  12/16      EV: 16    Int: 14    God:    Sif Muna [*****.]
Gold:   0          SH:  0    Dex: 13    Spells: 3/18 levels left

rFire    . . .     SeeInvis .     - Unarmed
rCold    . . .     Gourm    .   (shield currently unavailable)
rNeg     . . .     Faith    .   (armour unavailable)
rPois    .         Spirit   .   (helmet restricted)
rElec    .         Reflect  .   (no cloak)
rCorr    .         Harm     .   (gloves currently unavailable)
MR       .....     NoTele   +   (no boots)
Stlth    +++.......             (no amulet)
HPRegen  0.22/turn              o - +3 ring of protection
MPRegen  0.15/turn              q - +3 ring of strength

@: short of breath, blade hands
A: breathe steam, unfitting armour, cold-blooded, AC +6
a: Breathe Steam, End Transformation, Divine Energy, Channel Magic, Forget
Spell, Renounce Religion


You were in the Dungeon.
You worshipped Sif Muna.
Sif Muna was extremely pleased with you.
You were not hungry.
You had blades for hands.
You visited 1 branch

Inventory:

Missiles
 a - 54 arrows
Armour
 t - a +0 pair of gloves (melded)
Jewellery
 o - a +3 ring of protection (left scythe-like blade)
 q - a +3 ring of strength (right scythe-like blade)
Scrolls
 i - a scroll of blinking
 j - 3 scrolls of remove curse
 k - 5 scrolls of amnesia
 l - a scroll of summoning
Potions
 d - 2 potions of invisibility
 e - 8 potions of heal wounds
 f - a potion of haste
 g - 4 potions of magic
 h - 4 potions of berserk rage
 p - 8 potions of curing
 r - a potion of agility
 s - a potion of might
Books
 b - a book of Changes

   Spells                             Type                      Level
   a - Beastly Appendage              Transmutation                1
   b - Sticks to Snakes               Transmutation                2
   c - Spider Form                    Transmutation/Poison         3
   d - Ice Form                       Ice/Transmutation            4
   e - Blade Hands                    Transmutation                5
Comestibles
 c - 8 bread rations
 m - 28 fruits
 n - 7 meat rations


   Skills:
 * Level 8.8 Fighting
 * Level 7.5 Dodging
 + Level 5.4 Stealth
 * Level 8.7 Unarmed Combat
 + Level 5.5 Spellcasting
 * Level 8.2 Transmutations
 + Level 3.4 Ice Magic
 + Level 5.1 Poison Magic


You had 3 spell levels left.
You knew the following spells:

 Your Spells              Type           Power        Failure   Level  Hunger
a - Beastly Appendage     Tmut           ####..       12%         1    None
b - Sticks to Snakes      Tmut           ####....     14%         2    ##.....
c - Spider Form           Tmut/Pois      ###.......   26%         3    ###....
d - Ice Form              Ice/Tmut       ###.....     56%         4    ####...
e - Blade Hands           Tmut           ####......   56%         5    ######.


Dungeon Overview and Level Annotations

Branches:
Dungeon (1/1)

Altars:
Ashenzari
Cheibriados
Dithmenos
Elyvilon
Fedhas
Gozag
Hepliaklqana
Kikubaaqudgha
Makhleb
Nemelex Xobeh
Okawaru
Qazlal
Ru
Sif Muna
Trog
Uskayaw
Vehumet
Wu Jian
Xom
Yredelemnul
Zin
The Shining One
Beogh
Jiyva
Lugonu

Annotations:
D exclusions: 4 doors and 4 more exclusions


Innate Abilities, Weirdness & Mutations

You can breathe blasts of scalding, opaque steam.
Your pale cyan-grey scales are hard. (AC +6)
You cannot fit into any form of body armour.
You are cold-blooded and may be slowed by cold attacks.


Message History

You feel slightly more hungry.
The komodo dragon is engulfed in a cloud of scalding steam.
Unknown command.
You slash the komodo dragon!
The komodo dragon is moderately wounded.
The komodo dragon bites you! Sif Muna accepts your kill.
Sif Muna will gift you books as your piety grows.
Your life force feels restored.
You feel a bit more experienced.
You shred the death yak!!!
The death yak is heavily wounded.
The death yak gores you.
The komodo dragon is engulfed in a cloud of scalding steam.
The komodo dragon bites you!!
Unknown command.
You slice the death yak!!
The death yak is severely wounded.
The death yak gores you!! The komodo dragon bites you!!
You die...

###.##................+
.....+................+
+#####......#..#......#
.#..##................#
.%..#####+#####''######
##+###.......##''#
....##.......##..#
....##.......##..#
+#####...<...##§@#
))..##.......##Yl#
))..##.......##.§#
######.......##.§.
.#..###########....
.#)############...##
.#.#....#...[##..##
.#+#.[).#..[[##..#
.#.+....+..))##..#


You could see a death yak and a komodo dragon.

Vanquished Creatures
  An unseen horror (D)
  Sigmund (D)
  A hungry ghost (D)
  A porcupine (D)
  2 centaurs (D)
  A big kobold (D)
  4 wights (D)
  An iguana (D)
  A worker ant (D)
  A mummy (D)
  2 adders (D)
  A river rat (D)
  An ufetubus (D)
  An ooze (D)
  5 leopard geckos (D)
  A bat (D)
  2 giant cockroaches (D)
  A goblin (D)
  A jackal (D)
29 creatures vanquished.

Notes
Turn   | Place    | Note
-------+----------+-------------------------------------------
     0 | D        | Kidiri the Draconian Transmuter began the quest for the Orb.
     0 | D        | Reached XP level 1. HP: 16/16 MP: 3/3
    52 | D        | Found a bloodstained altar of Trog.
    52 | D        | Found a deep blue altar of Sif Muna.
    52 | D        | Found a viscous altar of Jiyva.
    52 | D        | Found a hazy altar of Hepliaklqana.
    52 | D        | Found an opulent altar of Gozag.
    53 | D        | Found a glowing golden altar of the Shining One.
    53 | D        | Found a glowing silver altar of Zin.
    53 | D        | Found a basalt altar of Yredelemnul.
    53 | D        | Found a shimmering altar of Xom.
    53 | D        | Found an ornate altar of the Wu Jian Council.
    53 | D        | Found a sacrificial altar of Ru.
    53 | D        | Found a stormy altar of Qazlal.
    53 | D        | Found an iron altar of Okawaru.
    53 | D        | Found a sparkling altar of Nemelex Xobeh.
    53 | D        | Found a burning altar of Makhleb.
    53 | D        | Found a blossoming altar of Fedhas.
    53 | D        | Found a white marble altar of Elyvilon.
    53 | D        | Found a shadowy altar of Dithmenos.
    53 | D        | Found a snail-covered altar of Cheibriados.
    55 | D        | Found a radiant altar of Vehumet.
    55 | D        | Found a corrupted altar of Lugonu.
    55 | D        | Found a roughly hewn altar of Beogh.
    56 | D        | Found a hide-covered altar of Uskayaw.
    56 | D        | Found an ancient bone altar of Kikubaaqudgha.
    56 | D        | Found a shattered altar of Ashenzari.
    60 | D        | Became a worshipper of Sif Muna the Loreminder
   169 | D        | Reached XP level 2. HP: 24/24 MP: 3/5
   172 | D        | Reached skill level 1 in Stealth
   232 | D        | Reached XP level 3. HP: 26/31 MP: 6/6
   315 | D        | Learned a level 2 spell: Sticks to Snakes
   319 | D        | Learned a level 3 spell: Spider Form
   353 | D        | Reached * piety under Sif Muna
   444 | D        | Noticed Sigmund
   447 | D        | Noticed a hungry ghost
   447 | D        | Noticed a big kobold
   471 | D        | Killed Sigmund
   471 | D        | Reached ** piety under Sif Muna
   471 | D        | Reached skill level 5 in Fighting
   471 | D        | Reached skill level 5 in Unarmed Combat
   471 | D        | Reached skill level 5 in Transmutations
   471 | D        | Reached XP level 4. HP: 22/42 MP: 3/9
   471 | D        | Reached XP level 5. HP: 26/48 MP: 3/10
   479 | D        | Reached skill level 5 in Dodging
   510 | D        | Killed a hungry ghost
   510 | D        | Reached XP level 6. HP: 32/58 MP: 6/12
   694 | D        | Learned a level 4 spell: Ice Form
   889 | D        | Reached *** piety under Sif Muna
  1094 | D        | Killed an unseen horror
  1094 | D        | Reached **** piety under Sif Muna
  1094 | D        | Reached skill level 5 in Stealth
  1094 | D        | Reached skill level 5 in Spellcasting
  1094 | D        | Your scales start taking on a pale cyan-grey colour.
  1094 | D        | Reached XP level 7. HP: 35/68 MP: 9/14
  1094 | D        | Reached XP level 8. HP: 39/74 MP: 9/15
  1293 | D        | Learned a level 5 spell: Blade Hands
  1512 | D        | Reached skill level 5 in Poison Magic
  1654 | D        | Noticed a death yak
  1657 | D        | Noticed a komodo dragon
  1660 | D        | Reached ***** piety under Sif Muna
  1662 | D        | Slain by a komodo dragon

Vault maps used:
D:        pitsprint

Skill      XL: |  1  2  3  4  5  6  7  8 |
---------------+-------------------------+-----
Dodging        | 2 3 4 5 7 |  7.5
Fighting       | 2 3 5 6 8 |  8.8
Stealth        | 1 3 4 5 |  5.4
Transmutations | 3 5 6 7 8 |  8.2
Unarmed Combat | 4 5 6 8 |  8.7
Spellcasting   | 3 4 5 |  5.5
Poison Magic   | 2 3 4 5 |  5.1
Ice Magic      | 2 3 |  3.4

Action                   |  1- 3 |  4- 6 |  7- 9 || total
-------------------------+-------+-------+-------++-------
Melee: Unarmed           |    40 |    53 |    16 ||   109
       Tailslap          |     3 |     2 |     2 ||     7
       Kick              |     2 |       |       ||     2
       Punch             |     1 |     1 |       ||     2
       Headbutt          |     3 |       |       ||     3
 Cast: Beastly Appendage |     4 |     1 |       ||     5
       Spider Form       |     3 |       |     1 ||     4
       Ice Form          |       |     2 |       ||     2
       Blade Hands       |       |       |     2 ||     2
 Abil: Breathe Steam     |       |       |     3 ||     3
  Use: Potion            |     1 |     2 |       ||     3
 Stab: Sleeping          |     1 |       |       ||     1
  Eat: Chunk             |       |     2 |       ||     2
       Fruit             |       |    12 |       ||    12
Armor: Skin              |     7 |    10 |     2 ||    19
Dodge: Dodged            |    40 |    23 |    10 ||    73

Table legend:
 A = Spawn XP
 B = Non-spawn XP
 C = Spawn XP percentage of total XP
 D = Spawn monster count
 E = Non-spawn monster count
 F = Spawn count percentage of total count
 G = Total turns spent on level
                    A         B        C        D         E        F      G
               +---------+---------+-------+---------+---------+-------+---------
         Total |       0 |    2050 |   0.0 |       0 |      29 |   0.0 |  1662
               +---------+---------+-------+---------+---------+-------+---------
             D |       0 |    2050 |   0.0 |       0 |      29 |   0.0 |  1662
               +---------+---------+-------+---------+---------+-------+---------
